 Dungeon Crawl Stone Soup version 0.28-a0-535-g6f645e4c1d (webtiles) character file.

Game seed: 17090289263255599403

48 omnomnOMINOUS the Shooter (level 3, -10/27 HPs)
             Began as an Octopode Wanderer on Sept 26, 2021.
             Mangled by a gnoll (11 damage)
             ... on level 3 of the Dungeon.
             The game lasted 00:03:56 (2242 turns).

omnomnOMINOUS the Shooter (Octopode Wanderer)       Turns: 2242, Time: 00:03:56

Health: -10/27     AC:  1    Str: 12    XL:     3   Next: 72%
Magic:  3/3        EV: 13    Int: 17    God:
Gold:   84         SH:  0    Dex:  8    Spells: 2/2 levels left

rFire   . . .      SeeInvis .   a - +0 dagger (venom)
rCold   . . .      Faith    .   (no shield)
rNeg    . . .      Spirit   .   (helmet restricted)
rPois   .          Reflect  .   (no amulet)
rElec   .          Harm     .   (no ring)
rCorr   .          Rampage  .   (no ring)
Will    .....                   (no ring)
Stlth   ++........              (no ring)
HPRegen 0.09/turn               (no ring)
MPRegen 0.08/turn               (no ring)
                                (no ring)
                                (no ring)

@: no status effects
A: almost no armour, amphibious, 8 rings, camouflage 1, gelatinous body 1,
(nimble swimmer 1), tentacles
a: no special abilities


You were on level 3 of the Dungeon.
You visited 1 branch of the dungeon, and saw 3 of its levels.

You collected 84 gold pieces.

Inventory:

Hand Weapons
 a - a +0 dagger of venom (weapon)
 b - a +2 shortbow
 c - a +0 trident
Missiles
 g - 43 arrows
 i - 4 datura-tipped darts (quivered)
Jewellery
 l - an amulet of magic regeneration
Scrolls
 h - a scroll of identify {unknown}
 j - a scroll of immolation {unknown}
 k - 2 scrolls of teleportation {unknown}
Potions
 d - a potion of lignification
 e - 2 potions of heal wounds {unknown}
 f - a potion of curing {unknown}
 m - a potion of magic {unknown}
 n - 2 potions of berserk rage {unknown}


   Skills:
 - Level 4.0 Fighting
 - Level 4.0 Bows
 + Level 3.2 Dodging
 - Level 1.3 Stealth
 - Level 1.0 Shields


You had 2 spell levels left.
You didn't know any spells.
Your spell library was empty.

Dungeon Overview and Level Annotations

Branches:
Dungeon (3/15)

Altars:

Shops:
D:1 *


Innate Abilities, Weirdness & Mutations

You cannot wear most types of armour.
You are amphibious.
You can wear up to eight rings at the same time.
Your skin changes colour to match your surroundings (Stealth+).
Your rubbery body absorbs attacks. (AC +1, EV +1)
((You are camouflaged near water. (Stealth+)))
You have tentacles for arms and can constrict up to eight enemies at once.


Message History

The kobold shouts!
The endoplasm quivers.
The endoplasm freezes you.
You are frozen.
The kobold barely misses you.
You hit the endoplasm.
The endoplasm is poisoned.
The endoplasm is heavily wounded.
The endoplasm freezes you.
You are frozen.
The kobold hits you with a +0 club.
You hit the endoplasm but do no damage. You squeeze the endoplasm.
You kill the endoplasm!
The kobold hits you with a +0 club.
You hit the kobold. You grab the kobold. You squeeze the kobold.
You kill the kobold!
No target in view!
No target in view!
No target in view!
You start resting.
A gnoll is nearby!
You start resting.
There are monsters nearby!
The gnoll shouts! x3
The gnoll hits you with a +0 spear!
You hit the gnoll.
The gnoll is poisoned.
Your grab misses the gnoll.
The gnoll is lightly wounded.
The endoplasm closely misses you. The gnoll misses you.
Things that are here:
a +0 club; 2 poisoned darts; a kobold corpse You completely miss the endoplasm.
The endoplasm hits you.
You hit the endoplasm but do no damage. You squeeze the endoplasm.
You kill the endoplasm!
Your Dodging skill increases to level 3!
You barely miss the gnoll. Your grab misses the gnoll. You hit the gnoll.
Your grab misses the gnoll. You squeeze the gnoll!
The gnoll is severely wounded.
You kill the gnoll!
You closely miss the gnoll. Your grab misses the gnoll.
The gnoll hits you with a +0 whip!
* * * LOW HITPOINT WARNING * * *
The gnoll hits you with a +0 whip!
You die...

.. ## #. #. .. #.#.# #
.... #...## #. ...
....# .. . ##..# #.#.##
.# .. #..#. #@g..#
.###.#..#....####g#.#
.....##....>...#.)#
<.g.........##.#.##
....###.#!#.gg.).## ...
#.#(g##.#.#.##....#....
.# ......#.#.........#
.#######.........##.##
...............###. #


You could see 2 gnolls.

Vanquished Creatures
  A gnoll (D:3)
  An orc (D:3)
  5 bats
  3 endoplasms (D:3)
  3 goblins
  5 hobgoblins
  6 jackals (D:1)
  4 kobolds
  A quokka (D:1)
  A ball python (D:3)
  A frilled lizard (D:3)
  2 rats
33 creatures vanquished.

Notes
Turn   | Place    | Note
-------+----------+-------------------------------------------
     0 | D:1      | omnomnOMINOUS the Octopode Wanderer began the quest for the
                  | Orb.
     0 | D:1      | omnomnOMINOUS set off with the following items: a +2
                  | shortbow, 26 arrows, a +0 mace, a potion of lignification
     0 | D:1      | Reached XP level 1. HP: 17/17 MP: 1/1
    36 | D:1      | Found Mineefoqe's Assorted Antiques.
   231 | D:1      | Reached skill level 1 in Dodging
   458 | D:1      | Reached XP level 2. HP: 20/22 MP: 2/2
  1366 | D:2      | Reached XP level 3. HP: 22/27 MP: 3/3
  2242 | D:3      | HP: 1/27 [gnoll (10)]
  2242 | D:3      | Mangled by a gnoll

Illustrated notes

Levels and vault maps discovered:
D:1:      saegor_arrival_simple_e, layout_loops_cross, serial_shops, shop_statue
D:2:      layout_basic, minivault_27, minivault_26, palyth_stone_intersect
D:3:      layout_rooms, amethyst_overflow_temple_binary, grunt_decor_junction,
          kennysheep_minor_cross, uniq_natasha, uniq_terence

Skill      XL: |  1  2  3 |
---------------+----------+-----
Dodging        | 1 2 3 |  3.2
Fighting       | |  4.0
Bows           | |  4.0
Stealth        | |  1.3
Shields        | |  1.0

Action                   || total
-------------------------++-------
Melee: Spear             ||    58
       Constrict         ||    21
       Unarmed           ||     5
       Tentacles         ||    16
       Dagger            ||    34
 Stab: Sleeping          ||     2
Armor: Skin              ||    12
Dodge: Dodged            ||    61

Table legend: (Time is in decaauts)
 A = Elapsed time spent in this place.
 B = Non-inter-level travel time spent in this place.
 C = Inter-level travel time spent in this place.
 D = Time resting spent in this place.
 E = Time spent auto-exploring this place.
 F = Levels seen in this place.
 G = Mean time per level.
                   A        B        C        D        E       F      G
               +--------+--------+--------+--------+--------+-----+--------+
         Total |   2246 |   2127 |    119 |    431 |   1408 |   3 |  748.7 |
       Dungeon |   2246 |   2127 |    119 |    431 |   1408 |   3 |  748.7 |
               +--------+--------+--------+--------+--------+-----+--------+

Top non-repeatable levels by time:
     D:1: 1108 daAuts
     D:2: 944 daAuts
     D:3: 194 daAuts
